 Dungeon Crawl Stone Soup version 0.29.1-15-g9cfb28693d (webtiles) character file.

Game seed: 18180556619283728485

807 Jod the Cleaver (level 7, -4/57 HPs)
             Began as a Minotaur Fighter on Feb 26, 2023.
             Was a Follower of Zin.
             Slain by a gnoll sergeant
             ... wielding a +0 trident of venom
              (10 damage)
             ... on level 6 of the Dungeon on Apr 12, 2023.
             The game lasted 00:21:48 (2177 turns).

Jod the Cleaver (Minotaur Fighter)                  Turns: 2177, Time: 00:21:49

Health: -4/57      AC:  9    Str: 22    XL:     7   Next: 60%
Magic:  6/6        EV: 13    Int:  5    God:    Zin [*.....]
Gold:   171        SH:  4    Dex: 10    Spells: 6/6 levels left

rFire   . . .      SeeInvis .   a - +0 war axe
rCold   . . .      Faith    .   c - +0 buckler
rNeg    . . .      Spirit   .   b - +0 scale mail
rPois   +          Reflect  .   (helmet restricted)
rElec   .          Harm     .   (no cloak)
rCorr   .          Rampage  .   v - +0 pair of gloves
Will    .....                   m - +0 pair of boots
Stlth   ..........              D - amulet of regeneration
HPRegen 0.99/turn               l - +4 ring of evasion
MPRegen 0.10/turn               x - ring of poison resistance

@: mighty, lethally poisoned (-4 -> -5)
A: horns 2, retaliatory headbutt
a: Renounce Religion, Recite, Donate Gold


You were on level 6 of the Dungeon.
You worshipped Zin.
Zin was aware of your devotion.
You visited 2 branches of the dungeon, and saw 7 of its levels.

You collected 279 gold pieces.
You spent 90 gold pieces at shops.
You donated 18 gold pieces to Zin.

Inventory:

Hand Weapons
 a - a +0 war axe (weapon)
Armour
 b - a +0 scale mail (worn)
 c - a +0 buckler (worn)
 m - a +0 pair of boots (worn)
 v - a +0 pair of gloves (worn)
Jewellery
 l - a +4 ring of evasion (left hand)
 x - a ring of poison resistance (right hand)
 y - a ring of positive energy
 D - an amulet of regeneration (around neck)
Wands
 w - a wand of digging (3)
 B - a wand of charming (20)
Scrolls
 f - a scroll of fear {unknown}
 g - 3 scrolls of identify {unknown}
 i - 3 scrolls of teleportation
 j - 2 scrolls of vulnerability {unknown}
 k - a scroll of brand weapon {unknown}
 n - 2 scrolls of poison {unknown}
 o - 3 scrolls of blinking
 q - a scroll of enchant weapon {unknown}
 t - 2 scrolls of torment {unknown}
 u - a scroll of amnesia {unknown}
 C - a scroll of immolation {unknown}
Potions
 d - 3 potions of might
 e - a potion of curing {unknown}
 h - 2 potions of attraction {unknown}
 p - 2 potions of heal wounds {unknown}
 r - a potion of berserk rage {unknown}
 s - a potion of invisibility {unknown}
 z - a potion of mutation {unknown}
 A - 2 potions of degeneration {unknown}


   Skills:
 - Level 3.6 Fighting
 + Level 10.5 Axes
 - Level 3.6 Armour
 - Level 3.6 Shields


You had 6 spell levels left.
You didn't know any spells.
Your spell library contained the following spells:

 Spells                   Type           Power      Damage    Failure   Level
 Apportation              Tloc           0%         N/A       88%         1
 Foxfire                  Conj/Fire      0%         2x1d4     88%         1
 Necrotise                Necr           0%         1d4       88%         1
 Summon Small Mammal      Summ           0%         N/A       88%         1
 Conjure Flame            Conj/Fire      0%         6-21      99%         3
 Inner Flame              Hex/Fire       0%         N/A       99%         3
 Flame Wave               Conj/Fire      0%         2d4       100%        4


Dungeon Overview and Level Annotations

Branches:
Dungeon (6/15)             Temple (1/1) D:5

Altars:
Ashenzari
Cheibriados
Elyvilon
Fedhas
Gozag
Hepliaklqana
Nemelex Xobeh
Okawaru
Ru
Sif Muna
Trog
Uskayaw
Vehumet
Yredelemnul
Zin
The Shining One

Shops:
D:4 ([=((


Innate Abilities, Weirdness & Mutations

You have a pair of horns on your head.
You reflexively headbutt those who attack you in melee.


Message History

The gnoll sergeant hits you but does no damage.
The iguana closely misses you.
You completely miss the iguana.
The iguana is heavily wounded.
You hit the gnoll sergeant.
You feel sick.
The gnoll sergeant hits you with a +0 trident of venom!
The iguana closely misses you.
You hit the iguana. Your headbutt misses the iguana.
The iguana is severely wounded.
You hit the gnoll sergeant but do no damage.
You feel sick. The gnoll sergeant misses you. The iguana closely misses you.
You furiously retaliate!
You headbutt the iguana, but do no damage.
You hit the iguana.
You kill the iguana!
You hit the gnoll sergeant but do no damage.
You feel sick.
The gnoll sergeant hits you with a +0 trident of venom.
You block the gnoll sergeant's attack.
You hit the gnoll sergeant but do no damage.
The gnoll sergeant is moderately wounded.
You feel sick.
You are no longer poisoned.
The gnoll sergeant hits you with a +0 trident of venom!
* * * LOW HITPOINT WARNING * * *
You are poisoned.
You feel very mighty all of a sudden.
You feel very sick. You block the gnoll sergeant's attack.
You hit the gnoll sergeant but do no damage.
You headbutt the gnoll sergeant!
The gnoll sergeant is almost dead.
You feel sick.
The gnoll sergeant hits you with a +0 trident of venom!
* * * LOW HITPOINT WARNING * * *
You closely miss the gnoll sergeant.
The gnoll sergeant is almost dead.
You feel sick.
The gnoll sergeant hits you with a +0 trident of venom!
You die...

.#. ... .#.# .. .... o# #..# #.
. .# #..### .... ##.
#.g)####.... ##.. ###@†.....#
.####..#######....)#.###
......§>oo.....###.#.######
...#..h######## #.#.......
#.....Doo...######...# .
#.#########........### .#
#.#.....D.o.######.##########.#
#.#.######### #....#.......# .
#h#.....# ####.#....#


You could see a gnoll sergeant.

Vanquished Creatures
  Duvessa (D:5)
  A sky beast (D:6)
  An ice beast (D:6)
  A phantom (D:5)
  A bullfrog (D:5)
  Dowan (D:5)
  2 hounds
  An orc priest (D:6)
  4 iguanas
  An orc wizard (D:6)
  2 adders
  4 gnolls (D:6)
  An ufetubus (D:5)
  4 worms
  8 orcs
  6 bats
  2 endoplasms (D:2)
  2 giant cockroaches (D:2)
  3 hobgoblins (D:1)
  4 jackals (D:3)
  8 ball pythons
  5 frilled lizards
  3 goblins
  7 kobolds
  6 rats
79 creatures vanquished.

Vanquished Creatures (others)
  An orc (D:6)
1 creature vanquished.

Grand Total: 80 creatures vanquished

Notes
Turn   | Place    | Note
-------+----------+-------------------------------------------
     0 | D:1      | Jod the Minotaur Fighter began the quest for the Orb.
     0 | D:1      | Reached XP level 1. HP: 19/19 MP: 0/0
   199 | D:1      | Reached skill level 3 in Axes
   466 | D:1      | Reached XP level 2. HP: 21/26 MP: 1/1
   649 | D:2      | Reached skill level 4 in Axes
   690 | D:2      | Reached XP level 3. HP: 28/31 MP: 2/2
   993 | D:3      | Reached skill level 5 in Axes
  1199 | D:4      | Found Ossaep's Weapon Shop.
  1221 | D:4      | Noticed an ogre
  1241 | D:4      | Noticed a +0 hand axe
  1241 | D:4      | Noticed a +0 dagger
  1245 | D:4      | Found a hide-covered altar of Uskayaw.
  1377 | D:4      | Found Ysoolaif's Antique Weapon Shop.
  1379 | D:4      | Found Vulam's Antique Armour Shop.
  1381 | D:4      | Found Hatzac's Jewellery Shop.
  1382 | D:4      | Found Zunwuwim's Weapon Shop.
  1397 | D:4      | Bought a pair of gloves for 90 gold pieces
  1494 | D:5      | Entered Level 5 of the Dungeon
  1506 | D:5      | Reached XP level 4. HP: 39/39 MP: 3/3
  1532 | D:5      | Noticed a phantom
  1546 | D:5      | Killed a phantom
  1547 | D:5      | Reached skill level 6 in Axes
  1547 | D:5      | Reached XP level 5. HP: 38/45 MP: 4/4
  1602 | D:5      | Found a staircase to the Ecumenical Temple.
  1608 | Temple   | Entered the Ecumenical Temple
  1634 | Temple   | Became a worshipper of Zin the Law-Giver
  1634 | Temple   | Reached * piety under Zin
  1709 | D:5      | Reached skill level 7 in Axes
  1720 | D:5      | Noticed Duvessa
  1720 | D:5      | Noticed Dowan
  1728 | D:5      | Killed Dowan
  1728 | D:5      | Killed Duvessa
  1729 | D:5      | Reached skill level 8 in Axes
  1729 | D:5      | Reached XP level 6. HP: 42/51 MP: 5/5
  1870 | D:5      | Reached skill level 9 in Axes
  1962 | D:6      | Noticed a sky beast
  1983 | D:6      | Killed a sky beast
  1984 | D:6      | Reached XP level 7. HP: 42/57 MP: 6/6
  2003 | D:6      | Noticed a steam dragon
  2148 | D:6      | Reached skill level 10 in Axes
  2177 | D:6      | Slain by a gnoll sergeant

Illustrated notes

Levels and vault maps discovered:
D:1:      lightli_arrival_quake, layout_loops_cross
D:2:      minmay_recursive_quarters, layout_basic, serial_glass,
          glass_columns_a, glass_columns_a, item_on_display_a,
          minmay_strange_pillars, item_on_display_a
D:3:      layout_basic
D:4:      layout_rooms, dancing_weapons_uskayaw, serial_shops,
          nicolae_shop_bloodbath_and_beyond, minmay_splitting_lines,
          nrook_uturn, minmay_shop_grid_forest
D:5:      layout_loops_ring, minmay_temple_entry_grid, corexii_hall_statues_x,
          uniq_duvessa
D:6:      layout_rooms, nicolae_dithmenos_shadow_blocks,
          serial_co_window_serial, co_window_of_opportunity_a,
          co_window_of_opportunity_a, co_window_of_opportunity_a,
          co_window_corner_a, co_window_paths_a, co_window_broadway_b,
          co_window_cross_3, co_window_corner_b, co_window_unsneaky_path_c,
          co_window_2corner, co_window_4corner_a, glass_columns_b,
          glass_columns_a, glass_columns_b, glass_columns_c, glass_columns_c
Temple:   hellmonk_temple_of_storms

Skill      XL: |  1  2  3  4  5  6  7 |
---------------+----------------------+-----
Axes           | 3 4 5 6 8 9 10 | 10.5
Fighting       | |  3.6
Armour         | |  3.6
Shields        | |  3.6

Action                   |  1- 3 |  4- 6 |  7- 9 || total
-------------------------+-------+-------+-------++-------
Melee: War axe           |   111 |    51 |    35 ||   197
       Headbutt          |    15 |     9 |     5 ||    29
  Use: Scroll            |     1 |       |     1 ||     2
       Potion            |       |     1 |     1 ||     2
Armor: Scale mail        |    46 |    21 |    13 ||    80
Dodge: Dodged            |    55 |    22 |    24 ||   101
Block: Buckler           |    27 |     4 |    11 ||    42
